 Dungeon Crawl Stone Soup version 0.26.1-2-gb8aa6d0cf2 (webtiles) character file.

Game seed: 7607140394204933904

1643 H0rd4k the Skirmisher (level 9, -9/68 HPs)
             Began as a Human Artificer on Mar 18, 2021.
             Mangled by Harold
             ... wielding a +0 trident
              (16 damage)
             ... on level 8 of the Dungeon.
             The game lasted 00:10:42 (10159 turns).

H0rd4k the Skirmisher (Human Artificer)            Turns: 10159, Time: 00:10:42

Health: -9/68      AC: 15    Str: 14    XL:     9   Next: 19%
Magic:  9/9        EV: 14    Int: 13    God:
Gold:   588        SH:  0    Dex: 14    Spells: 8/8 levels left

rFire    + . .     SeeInvis .   B - +9 mace of Excruciating Pain {holy, rPois}
rCold    . . .     Faith    .   (no shield)
rNeg     . . .     Spirit   .   b - +0 leather armour
rPois    +         Reflect  .   u - +1 helmet
rElec    .         Harm     .   (no cloak)
rCorr    .         Rampage  .   t - +0 pair of gloves
Will     .....                  (no boots)
Stlth    ++........             (no amulet)
HPRegen  0.21/turn              p - ring of the Tortoise {AC+8}
MPRegen  0.11/turn              r - ring of protection from fire

@: no status effects
A: no striking features
a: no special abilities


You were on level 8 of the Dungeon.
You visited 1 branch of the dungeon, and saw 8 of its levels.

You collected 588 gold pieces.

Inventory:

Hand Weapons
 w - the +8 spear of Egomp {speed, *Noise rF+ Will+}
   (You found it on level 3 of the Dungeon)

   Attacks with this weapon are significantly faster.
   It protects you from fire.
   It affects your willpower, your defense against some magical effects.
   It may make noises in combat.
 A - a cursed -2 spear
 B - the +9 mace of Excruciating Pain (weapon) {holy, rPois}
   (You found it on level 4 of the Dungeon)

   It has been blessed by the Shining One to cause great damage to the undead
   and demons.
   It protects you from poison.
 J - a cursed -1 rapier
Missiles
 n - 34 poisoned darts
 s - 2 boomerangs of dispersal
Armour
 b - a +0 leather armour (worn)
 t - a +0 pair of gloves (worn)
 u - a +1 helmet (worn)
Magical Staves
 K - an uncursed staff of fire
Jewellery
 a - a cursed -4 ring of protection {unknown}
 p - the ring of the Tortoise (left hand) {AC+8}
   (You found it on level 7 of the Dungeon)

   [ring of protection]

   It affects your AC (+8).
 r - a ring of protection from fire (right hand)
 x - an uncursed ring of ice
Wands
 c - a wand of flame (33) (quivered)
 d - a wand of enslavement (6)
 e - a wand of random effects (7)
 I - a wand of acid (19)
 L - a wand of digging (4)
Scrolls
 g - a scroll of summoning {unknown}
 h - 3 scrolls of amnesia {unknown}
 j - 5 scrolls of remove curse
 o - 3 scrolls of fog
 q - a scroll of teleportation {unknown}
 v - 3 scrolls of enchant armour
 F - a scroll of enchant weapon {unknown}
Potions
 f - a potion of heal wounds {unknown}
 i - 6 potions of curing {unknown}
 k - 2 potions of haste
 l - a potion of attraction {unknown}
 m - a potion of might {unknown}
 z - a potion of ambrosia {unknown}
 C - 3 potions of brilliance {unknown}
 E - a potion of lignification {unknown}
 M - a potion of flight {unknown}


   Skills:
 + Level 5.2 Fighting
 + Level 3.4 Short Blades
 + Level 3.1 Polearms
 + Level 5.0 Armour
 + Level 4.6 Dodging
 + Level 4.2 Stealth
 + Level 4.1 Evocations


You had 8 spell levels left.
You didn't know any spells.
Your spell library contained the following spells:

 Spells                   Type           Power        Failure   Level
 Animate Skeleton         Necr           0%           36%         1
 Pain                     Necr           0%           36%         1
 Shock                    Conj/Air       0%           36%         1
 Poisonous Vapours        Pois/Air       0%           50%         2
 Swiftness                Air            0%           50%         2
 Confusing Touch          Hex            0%           75%         3
 Conjure Flame            Conj/Fire      0%           75%         3
 Gell's Gravitas          Tloc           0%           75%         3
 Mephitic Cloud           Conj/Pois/Air  0%           75%         3
 Static Discharge         Conj/Air       0%           75%         3
 Vampiric Draining        Necr           0%           75%         3
 Airstrike                Air            0%           98%         4
 Animate Dead             Necr           0%           98%         4
 Petrify                  Tmut/Erth      0%           98%         4
 Agony                    Necr           0%           100%        5
 Lightning Bolt           Conj/Air       0%           100%        5
 Metabolic Englaciation   Hex/Ice        0%           100%        5
 Yara's Violent Unravell  Hex/Tmut       0%           100%        5
 Freezing Cloud           Conj/Ice/Air   0%           100%        6


Dungeon Overview and Level Annotations

Branches:
Dungeon (8/15)             Temple (0/1) D:5
   Lair: D:8-11

Altars:
Cheibriados
Dithmenos
Vehumet
Yredelemnul

Annotations:
D:3 3 runed translucent doors, exclusion: 3 doors, TangoThomas's ghost, amateur HaHu
D:8 Harold


Message History

Harold hits you from afar with a +0 trident!!
Harold hits you with a +0 trident!
You sock Harold!
Harold is lightly wounded.
Harold hits you with a +0 trident! x2
* * * LOW HITPOINT WARNING * * *
You hit Harold.
Harold is moderately wounded.
Harold hits you but does no damage.
You hit Harold.
Harold is moderately wounded.
Harold hits you but does no damage.
You hit Harold.
Harold is moderately wounded.
Harold hits you with a +0 trident!
* * * LOW HITPOINT WARNING * * *
You sock Harold!
Harold is heavily wounded.
Harold hits you but does no damage. Harold hits you with a +0 trident!
You die...

.... ##### ....
##...##.... #
##@....#..#
#.#.@.......##.
#..............
#............#
##.....<.....#
##..........#
##........##
##...>####
##.#.# #.#.#


You could see Harold.

Vanquished Creatures
  Sigmund (D:6)
  Edmund (D:5)
  An orc warrior (D:7)
  An ogre (D:8)
  A centaur (D:7)
  A big kobold (D:7)
  5 bullfrogs
  A gnoll sergeant (D:6)
  A scorpion (D:4)
  A howler monkey (D:6)
  A jelly (D:8)
  2 hounds (D:4)
  2 orc wizards
  2 iguanas (D:4)
  4 worker ants
  4 gnolls (D:6)
  10 adders
  An ufetubus (D:7)
  An ooze (D:2)
  An adder zombie (D:5)
  2 adder skeletons
  3 worms
  3 dart slugs
  5 leopard geckos
  8 orcs
  10 bats
  10 giant cockroaches
  3 goblins
  10 hobgoblins
  15 jackals
  13 kobolds
  3 ball pythons
  6 frilled lizards
  2 quokka skeletons (D:4)
  11 rats
146 creatures vanquished.

Vanquished Creatures (collateral kills)
  A hound zombie (D:3)
  An ooze (D:3)
  2 orcs (D:3)
  A bat (D:3)
5 creatures vanquished.

Vanquished Creatures (others)
  An orc wizard (D:6)
  3 fungi (D:3)
  8 plants
12 creatures vanquished.

Grand Total: 163 creatures vanquished

Notes
Turn   | Place    | Note
-------+----------+-------------------------------------------
     0 | D:1      | H0rd4k the Human Artificer began the quest for the Orb.
     0 | D:1      | Reached XP level 1. HP: 15/15 MP: 1/1
   331 | D:1      | Reached XP level 2. HP: 18/21 MP: 2/2
   904 | D:1      | Reached XP level 3. HP: 21/26 MP: 3/3
  2508 | D:2      | Reached XP level 4. HP: 32/32 MP: 4/4
  2530 | D:2      | Found a basalt altar of Yredelemnul.
  3300 | D:2      | Reached skill level 1 in Short Blades
  3679 | D:3      | Noticed a bullfrog
  3755 | D:2      | Reached XP level 5. HP: 9/38 MP: 5/5
  3999 | D:3      | Killed a bullfrog
  4116 | D:3      | Found a runed translucent gate.
  4117 | D:3      | Found a runed translucent gate.
  4118 | D:3      | Found a runed translucent gate.
  4118 | D:3      | Noticed TangoThomas's ghost (amateur HaHu)
  4121 | D:3      | Noticed a big kobold
  4420 | D:3      | Reached XP level 6. HP: 32/44 MP: 6/6
  5037 | D:3      | Got a polished spear
  5038 | D:3      | Identified the +8 spear of Egomp {speed, *Noise rF+ Will+}
                  | (You found it on level 3 of the Dungeon)
  5568 | D:4      | Found a shadowy altar of Dithmenos.
  5722 | D:4      | Reached XP level 7. HP: 42/51 MP: 7/7
  5963 | D:4      | Got a smouldering mace
  5970 | D:4      | Identified the +9 mace of Excruciating Pain {holy, rPois}
                  | (You found it on level 4 of the Dungeon)
  6055 | D:4      | Reached skill level 1 in Polearms
  6628 | D:4      | Found a snail-covered altar of Cheibriados.
  6667 | D:5      | Entered Level 5 of the Dungeon
  7292 | D:6      | Noticed Sigmund
  7307 | D:6      | Killed Sigmund
  7308 | D:6      | Reached XP level 8. HP: 49/58 MP: 8/8
  7792 | D:5      | Found a radiant altar of Vehumet.
  8014 | D:5      | Noticed Edmund
  8028 | D:5      | Killed Edmund
  8081 | D:5      | Found a staircase to the Ecumenical Temple.
  8867 | D:7      | Found the ring of the Tortoise {AC+8}
  9879 | D:6      | Reached XP level 9. HP: 52/67 MP: 9/9
  9987 | D:7      | Reached skill level 5 in Fighting
 10021 | D:8      | Noticed Harold
 10041 | D:7      | Reached skill level 5 in Armour
 10159 | D:8      | Mangled by Harold

Illustrated notes

Levels and vault maps discovered:
D:1:      evilmike_arrival_rings, layout_loops_ring, st_stairs_10
D:2:      layout_basic, st_stairs_1, hex_tiny, nrook_mini_vaults,
          yredelemnul_altar_generic
D:3:      minmay_octagon_keep, layout_basic, gammafunk_ghost_nasty_kobolds,
          kennysheep_generic_room_11
D:4:      layout_gridville, marbit_many_paths, grunt_dithmenos_smoke,
          nicolae_ossuary_entry_ruins, ebering_dispersal_statue_hall
D:5:      layout_basic, kennysheep_mini, temple_statues, minmay_misc_feat_alley,
          uniq_edmund
D:6:      layout_loops_ring, st_stairs_8, minivault_22, grunt_decor_resistance,
          uniq_sigmund
D:7:      layout_rooms
D:8:      layout_loops_ring, grunt_temple_overflow_cloverleaf, serial_shops,
          nicolae_shop_crystal, special_room [special_room_kobold],
          hangedman_decor_lopped, introduction_to_nature_2, uniq_grum,
          uniq_harold, uniq_psyche

Skill      XL: |  1  2  3  4  5  6  7  8  9 |
---------------+----------------------------+-----
Short Blades   | 1 2 3 |  3.4
Fighting       | 2 3 4 5 |  5.2
Dodging        | 2 4 |  4.6
Stealth        | 2 3 4 |  4.2
Armour         | 3 4 5 |  5.0
Evocations     | 4 |  4.1
Polearms       | 2 3 |  3.1

Action                   |  1- 3 |  4- 6 |  7- 9 || total
-------------------------+-------+-------+-------++-------
Melee: Club              |   124 |       |       ||   124
       Rapier            |    25 |   157 |       ||   182
       Short sword       |    14 |       |       ||    14
       Spear             |       |    39 |    30 ||    69
       Mace              |       |       |   179 ||   179
Evoke: Wand              |     2 |    17 |       ||    19
  Use: Scroll            |       |       |     7 ||     7
 Stab: Sleeping          |     4 |     7 |     2 ||    13
       Betrayed ally     |       |     1 |       ||     1
       Distracted        |       |       |     1 ||     1
Armor: Leather armour    |    55 |    49 |    82 ||   186
Dodge: Dodged            |   105 |   110 |   193 ||   408
